 Dungeon Crawl Stone Soup version 0.23.2-40-g277498a001 (webtiles) character file.

Game seed: 16380911563233853271

2646 Amanar the Vandal (level 9, 0/78 HPs)
             Began as a Minotaur Fighter on Sept 18, 2019.
             Was a Follower of Okawaru.
             Slain by a yak (11 damage)
             ... on level 6 of the Dungeon.
             The game lasted 00:19:42 (7200 turns).

Amanar the Vandal (Minotaur Fighter)                Turns: 7200, Time: 00:19:42

Health: 0/78       AC: 16    Str: 25    XL:     9   Next: 35%
Magic:  8/10       EV: 11    Int:  5    God:    Okawaru [*.....]
Gold:   801        SH:  0    Dex:  9    Spells: 8/8 levels left

rFire    + . .     SeeInvis .   a - +3 war axe
rCold    + + .     Gourm    .   (no shield)
rNeg     . . .     Faith    .   D - +0 plate armour
rPois    .         Spirit   .   (helmet restricted)
rElec    .         Reflect  .   c - scarf {rC+ rF+}
rCorr    .         Harm     .   f - +0 pair of gloves
MR       .....                  (no boots)
Stlth    ..........             (no amulet)
HPRegen  0.23/turn              o - ring of protection from cold
MPRegen  0.12/turn              v - ring of stealth

@: heroism
A: retaliatory headbutt, horns 2
a: Heroism, Renounce Religion


You were on level 6 of the Dungeon.
You worshipped Okawaru.
Okawaru was aware of your devotion.
You were not hungry.

You visited 2 branches of the dungeon, and saw 8 of its levels.

You collected 801 gold pieces.

Inventory:

Hand Weapons
 a - a +3 war axe (weapon)
   (You took it off a wight on level 5 of the Dungeon)
 b - a +1 hunting sling
   (You found it on level 1 of the Dungeon)
Missiles
 g - 52 stones (quivered)
 l - 10 bolts
 n - 77 arrows
Armour
 c - a scarf of resistance (worn)
   (You found it on level 3 of the Dungeon)
 f - a +0 pair of gloves (worn)
   (You found it on level 2 of the Dungeon)
 D - a +0 plate armour (worn)
   (You found it on level 7 of the Dungeon)
Jewellery
 o - a ring of protection from cold (left hand)
   (You found it on level 3 of the Dungeon)
 v - a ring of stealth (right hand)
   (You found it on level 3 of the Dungeon)
Wands
 x - a wand of acid (1)
   (You found it on level 5 of the Dungeon)
Scrolls
 i - a scroll of noise {!r}
 k - a scroll of blinking {unknown}
 m - 6 scrolls of remove curse {@r2}
 p - 2 scrolls of enchant armour
 r - a scroll of immolation {unknown}
 t - a scroll of fog {unknown}
 u - 2 scrolls of amnesia {unknown}
 w - 4 scrolls of magic mapping
 y - 6 scrolls of teleportation {@r4}
 B - 4 scrolls of identify {@r1}
Potions
 d - 3 potions of might
 j - a potion of flight {unknown}
 q - 2 potions of curing {@q1}
 s - a potion of brilliance {unknown}
 z - a potion of invisibility {unknown}
 A - a potion of haste {unknown}
 C - a potion of experience {unknown}
Comestibles
 e - 8 rations {!d}
 h - a chunk of flesh


   Skills:
 + Level 6.9(11.9) Fighting
 + Level 6.2(11.2) Axes
 * Level 7.5(12.5) Slings
 + Level 6.8(11.8) Armour
 + Level 4.7(9.7) Dodging
   Level 3.8(8.8) Shields
 + Level 2.8 Invocations
 + Level 3.0 Evocations


You had 8 spell levels left.
You didn't know any spells.
Your spell library was empty.

Dungeon Overview and Level Annotations

Branches:
Dungeon (7/15)             Temple (1/1) D:5

Altars:
Cheibriados
Dithmenos
Elyvilon
Fedhas
Gozag
Hepliaklqana
Kikubaaqudgha
Makhleb
Nemelex Xobeh
Okawaru
Qazlal
Ru
Trog
Uskayaw
Vehumet
Xom
Yredelemnul
Zin
The Shining One

Shops:
D:5 *

Annotations:
D:2 Sigmund
D:6 2 transporters, Thomus's ghost, novice DECj


Innate Abilities, Weirdness & Mutations

You reflexively headbutt those who attack you in melee.
You have a pair of horns on your head.


Message History

Firing (i - inventory)
g - 60 stones (quivered)
Aim: a yak (almost dead)
You shoot a stone. The stone closely misses the yak.
The stone hits the yak.
The yak gores you.
Firing (i - inventory)
g - 59 stones (quivered)
Aim: a yak (almost dead)
You shoot a stone.
The stone hits the yak but does no damage.
Firing (i - inventory)
g - 58 stones (quivered)
Aim: a yak (almost dead)
You shoot a stone.
The stone hits the yak but does no damage.
The yak gores you.
* * * LOW HITPOINT WARNING * * *
Firing (i - inventory)
g - 57 stones (quivered)
Aim: a yak (almost dead)
You shoot a stone. The stone hits the yak.
You kill the yak!
Okawaru accepts your kill.
Your Evocations skill increases to level 3!
Firing (i - inventory)
g - 56 stones (quivered)
Aim: a yak (heavily wounded)
You shoot a stone. The stone barely misses the yak.
The stone closely misses the yak.
Firing (i - inventory)
g - 55 stones (quivered)
Aim: a yak (heavily wounded)
You shoot a stone. The stone hits the yak!
The yak gores you but does no damage.
Firing (i - inventory)
g - 54 stones (quivered)
Aim: a yak (severely wounded)
You shoot a stone. The stone hits the yak.
The yak gores you!
* * * LOW HITPOINT WARNING * * *
Firing (i - inventory)
g - 53 stones (quivered)
Aim: a yak (severely wounded)
You shoot a stone. The stone hits the yak.
The yak gores you!
* * * LOW HITPOINT WARNING * * *
There is a stone staircase leading up here.
The yak gores you.
* * * LOW HITPOINT WARNING * * *
You climb upwards.
Level annotation: 2 transporters, Thomus's ghost, novice DECj
There is a stone staircase leading down here.
a - a +3 war axe (weapon)
You hit the yak but do no damage. The yak gores you.
* * * LOW HITPOINT WARNING * * *
You hit the yak. The yak barely misses you. x2
Unknown command.
You gain the combat prowess of a mighty hero.
The yak gores you!
You die...

#.##.##.#..# #.....# ##..
###........######.###.# #.#.
####.##.........#.# #.# #..#
#........#.####.#.# #.# #...
#.###.##.#.# ##.#.# #.# #... #.#
#.##.#.###....###.# ######...
..###.##.........#....# #....#..#
...........###...Y....###.####.#.
#####.##.......#@.........# ##..
......##..####........##### ###
#####.##..# ##.#..>.## ##..
#####.##..# #.#.#.## #.#.
......##..#####.#.#.# ######..#
................|.#.#####....#...
#########.#####............#.....
#.# #####.#####.####### #.# #.#
###


You could see a yak.

Vanquished Creatures
  Grinder (D:6)
  3 yaks (D:7)
  An ice beast (D:6)
  A black bear (D:6)
  A phantom (D:6)
  2 centaurs
  Blork the orc (D:6)
  2 bullfrogs (D:6)
  A wyvern zombie (D:6)
  2 scorpions
  4 killer bees
  A howler monkey (D:6)
  4 wights (D:5)
  A crimson imp (D:5)
  A bullfrog zombie (D:5)
  2 orc priests (D:5)
  A hound (D:5)
  3 bullfrog skeletons
  2 jellies
  A gnoll shaman (D:4)
  An iguana (D:4)
  7 orc wizards
  2 worker ants (D:6)
  A hound zombie (D:6)
  2 hound skeletons
  A mummy (D:6)
  A worker ant zombie (D:5)
  5 gnolls
  3 adders (D:7)
  2 shadow imps
  3 oozes
  A worm (D:2)
  5 dart slugs
  2 leopard geckos
  15 orcs
  2 ball pythons
  4 giant cockroaches
  5 goblins
  8 hobgoblins
  12 jackals
  4 kobolds
  A quokka (D:5)
  8 bats
  6 frilled lizards
  2 jackal skeletons
  A leopard gecko skeleton (D:5)
  A quokka skeleton (D:4)
  A quokka zombie (D:6)
  3 rats
144 creatures vanquished.

Notes
Turn   | Place    | Note
-------+----------+-------------------------------------------
     0 | D:1      | Amanar the Minotaur Fighter began the quest for the Orb.
     0 | D:1      | Reached XP level 1. HP: 19/19 MP: 0/0
   241 | D:1      | Reached XP level 2. HP: 14/27 MP: 1/1
   254 | D:1      | Reached skill level 1 in Slings
   605 | D:1      | Reached XP level 3. HP: 33/33 MP: 2/2
  1244 | D:2      | Reached skill level 2 in Slings
  1392 | D:2      | Reached XP level 4. HP: 40/40 MP: 3/3
  1422 | D:2      | Noticed Sigmund
  1648 | D:2      | Noticed an earth elemental
  1650 | D:2      | Found a stormy altar of Qazlal.
  1651 | D:2      | Noticed a fire elemental
  1651 | D:2      | Noticed an air elemental
  1651 | D:2      | Noticed a water elemental
  2216 | D:3      | Reached skill level 1 in Dodging
  3143 | D:4      | Reached XP level 5. HP: 47/47 MP: 4/4
  3156 | D:4      | Reached skill level 3 in Slings
  3415 | D:4      | Reached XP level 6. HP: 23/55 MP: 5/5
  3913 | D:4      | Found a hide-covered altar of Uskayaw.
  4072 | D:4      | Found a hazy altar of Hepliaklqana.
  4272 | D:5      | Entered Level 5 of the Dungeon
  4280 | D:5      | Reached skill level 4 in Slings
  4335 | D:5      | Found Voech's Elemental Accessories.
  4369 | D:5      | Reached skill level 5 in Fighting
  4444 | D:5      | Reached skill level 5 in Armour
  4457 | D:5      | Reached XP level 7. HP: 52/61 MP: 6/6
  4570 | D:5      | Reached skill level 5 in Slings
  4742 | D:5      | Reached skill level 1 in Evocations
  4993 | D:5      | Found a staircase to the Ecumenical Temple.
  5008 | Temple   | Entered the Ecumenical Temple
  5084 | Temple   | Became a worshipper of Warmaster Okawaru
  5476 | D:6      | Reached skill level 5 in Axes
  5476 | D:6      | Reached XP level 8. HP: 58/70 MP: 6/8
  5531 | D:6      | Found a transporter.
  5531 | D:6      | Noticed Thomus's ghost (novice DECj)
  5533 | D:6      | Found a transporter.
  5820 | D:6      | Reached skill level 6 in Slings
  5820 | D:6      | Reached skill level 1 in Invocations
  6395 | D:6      | Noticed Blork the orc
  6397 | D:6      | Killed Blork the orc
  6426 | D:6      | Noticed Grinder
  6442 | D:6      | Killed Grinder
  6442 | D:6      | Reached * piety under Okawaru
  6641 | D:6      | Found a snail-covered altar of Cheibriados.
  6758 | D:6      | Reached XP level 9. HP: 71/78 MP: 9/9
  6846 | D:7      | Reached skill level 7 in Slings
  7200 | D:6      | Slain by a yak

Skill      XL: |  1  2  3  4  5  6  7  8  9 |
---------------+----------------------------+-----
Slings         | 1 2 3 4 5 6 7 |  7.5
Axes           | 3 4 5 6 |  6.2
Fighting       | 4 5 6 |  6.9
Armour         | 4 5 6 |  6.8
Dodging        | 1 2 3 4 |  4.7
Evocations     | 1 2 3 |  3.0
Invocations    | 2 |  2.8
Shields        | |  3.8

Action                   |  1- 3 |  4- 6 |  7- 9 || total
-------------------------+-------+-------+-------++-------
Melee: War axe           |     5 |       |    19 ||    24
       Headbutt          |     1 |       |     3 ||     4
       Hunting sling     |       |     1 |       ||     1
 Fire: Hunting sling     |   142 |   212 |   324 ||   678
Invok: Heroism           |       |       |     3 ||     3
Evoke: Wand              |       |       |     5 ||     5
  Use: Scroll            |       |     9 |       ||     9
       Potion            |       |       |     2 ||     2
  Eat: Chunk             |     1 |     4 |     7 ||    12
       Ration            |       |     2 |       ||     2
Armor: Scale mail        |    44 |    40 |    38 ||   122
       Plate armour      |       |       |    34 ||    34
Dodge: Dodged            |    30 |    56 |    80 ||   166
Block: Shield            |    33 |       |       ||    33
